 Dungeon Crawl Stone Soup version 0.22-a0-149-g870e420 (webtiles) character file.

108 Amnesiac the Magician (level 4, 0/30 HPs)
             Began as a Mummy Earth Elementalist on Feb 7, 2018.
             Was an Initiate of Ashenzari.
             Slain by a kobold (4 damage)
             ... on level 3 of the Dungeon.
             The game lasted 00:03:50 (2008 turns).

Amnesiac the Magician (Mummy Earth Elementalist)    Turns: 2008, Time: 00:03:51

Health: 0/30       AC:  2    Str: 11    XL:     4   Next: 58%
Magic:  8/9        EV: 11    Int: 15    God:    Ashenzari [......]
Gold:   192        SH:  3    Dex: 12    Spells: 3/10 levels left

rFire    x . .     SeeInvis .   i - +2 dagger (drain)
rCold    + . .     Gourm    .   k - +0 buckler (curse)
rNeg     + + +     Faith    .   c - +0 robe
rPois    ∞         Spirit   .   (no helmet)
rElec    .         Reflect  .   (no cloak)
rCorr    .         Harm     .   (no gloves)
MR       .....                  (no boots)
Stlth    ++........             (no amulet)
HPRegen  0.10/turn              (no ring)
MPRegen  0.11/turn              (no ring)

@: very slightly contaminated
A: no food or potions, fire vulnerability, cold resistance 1, negative energy
resistance 3, torment resistance, unbreathing
a: Curse Item, Renounce Religion


You were on level 3 of the Dungeon.
You worshipped Ashenzari.
Ashenzari was noncommittal.
You were not hungry.

You visited 1 branch of the dungeon, and saw 3 of its levels.

You collected 192 gold pieces.

Inventory:

Hand Weapons
 i - a +2 dagger of draining (weapon)
Missiles
 b - 132 stones (quivered)
 l - 3 tomahawks
Armour
 c - a +0 robe (worn)
 k - a cursed +0 buckler (worn)
 m - a +0 helmet
Scrolls
 e - 2 scrolls of enchant weapon {!r, unknown}
 f - 3 scrolls of magic mapping {!r, unknown}
 g - 2 scrolls of fear {!r}
 j - a scroll of teleportation {!r}
Books
 d - a book of Geomancy

   Spells                             Type                      Level
   a - Sandblast                      Earth                        1
   b - Passwall                       Transmutation/Earth          2
   c - Stone Arrow                    Conjuration/Earth            3
   d - Petrify                        Transmutation/Earth          4
   e - Lee's Rapid Deconstruction     Earth                        5


   Skills:
 + Level 1.2 Short Blades
 - Level 1.5 Dodging
 - Level 2.0 Stealth
 + Level 3.6 Spellcasting
 - Level 1.0 Transmutations
 * Level 3.5 Earth Magic


You had 3 spell levels left.
You knew the following spells:

 Your Spells              Type           Power        Failure   Level  Hunger
a - Sandblast             Erth           ##....       8%          1    N/A
b - Passwall              Tmut/Erth      #.........   19%         2    N/A
e - Petrify               Tmut/Erth      #.......     77%         4    N/A

Dungeon Overview and Level Annotations

Branches:
Dungeon (3/15)

Altars:
Ashenzari
Elyvilon
Gozag
Uskayaw
Vehumet
The Shining One

Annotations:
D:2 Terence


Innate Abilities, Weirdness & Mutations

You do not eat or drink.
Your flesh is vulnerable to fire.
You are immune to poison.
Your flesh is cold resistant. (rC+)
You are immune to negative energy. (rN+++)
You are immune to unholy pain and torment.
You can survive without breathing.


Message History

You see here an orc corpse.
You open the gate. 5 kobolds come into view.
The kobold throws a stone.
You block the stone.
Found a bubbling sapphire potion and 26 gold pieces.
A kobold comes into view.
The kobold shouts! x2
The kobold throws a stone.
The stone barely misses you.
The kobold throws a stone.
The stone misses you.
There is an open gate here.
There are monsters nearby!
The kobold closely misses you.
The kobold throws a stone.
The stone barely misses you.
You see here a stone.
There are monsters nearby!
You hit the kobold.
You kill the kobold!
The kobold throws a stone.
The stone hits you.
You closely miss the kobold. The kobold closely misses you.
The kobold throws a stone.
The stone closely misses you.
You closely miss the kobold. The kobold hits you with a dagger.
The kobold hits you but does no damage. x2
You hit the kobold.
The kobold is heavily wounded.
The kobold hits you with a dagger. The kobold hits you but does no damage.
The kobold hits you. The kobold barely misses you.
You hit the kobold.
You kill the kobold!
The kobold hits you with a dagger. x2
* * * LOW HITPOINT WARNING * * *
The kobold misses you.
You hit the kobold.
You kill the kobold!
The kobold hits you with a dagger.
* * * LOW HITPOINT WARNING * * *
You block the kobold's attack. The kobold hits you but does no damage.
There is an open gate here.
The kobold barely misses you.
You miss the kobold. The kobold hits you with a dagger.
* * * LOW HITPOINT WARNING * * *
You hit the kobold but do no damage. You drain the kobold!
The kobold is heavily wounded.
The kobold closely misses you. x3
The kobold closely misses you.
You hit the kobold.
You kill the kobold!
You closely miss the kobold. The kobold closely misses you.
You miss the kobold. The kobold hits you.
* * * LOW HITPOINT WARNING * * *
You barely miss the kobold. The kobold barely misses you.
You closely miss the kobold. The kobold hits you.
* * * LOW HITPOINT WARNING * * *
You are too injured to fight recklessly!
You are too injured to fight recklessly!
Casting: Sandblast (safe; 8% risk of failure)
Confirm with . or Enter, or press ? or * to list all spells.
Aiming: Sandblast (safe; 8% risk of failure)
Press: ? - help, Shift-Dir - straight line, f - kobold
Aim: a kobold You miscast Sandblast.
You are very lightly contaminated with residual magic.
Nothing appears to happen.
The kobold hits you.
You die...

...######...##.......# ##.#####.#
...# #.### #..†.)# #.....##.#
.### ##.#### #.)(# #.###†#... .##
#.....###'''## #.# #..... ..#
#..##.##.(...# #.###.#... #.#
#..##.####.K## #.....#### #.#
#..##.# ##.#######....... #.#
#!.##.#####.........######
#.######..##....@KK..............
#.##...........###..######.######
#.##.###..###.(.##..# #.# #)##.#
#.......)....######## #.##.#
#..###...###.##._..## #.##.#
#..###...###.#_...._#
#.##.###..##.....##.###..###
.#...†.....†........##....#
...........#.....##.###..##


You could see 2 kobolds.

Vanquished Creatures
  3 gnolls (D:3)
  2 adders (D:2)
  2 worms (D:2)
  3 leopard geckos
  2 orcs (D:3)
  7 bats
  2 giant cockroaches
  4 goblins
  7 hobgoblins
  A ball python (D:2)
  2 frilled lizards
  9 kobolds
  8 rats
52 creatures vanquished.

Vanquished Creatures (others)
  5 toadstools (D:3)
5 creatures vanquished.

Grand Total: 57 creatures vanquished

Notes
Turn   | Place    | Note
-------+----------+-------------------------------------------
     0 | D:1      | Amnesiac the Mummy Earth Elementalist began the quest for the Orb.
     0 | D:1      | Reached XP level 1. HP: 13/13 MP: 4/4
   370 | D:1      | Reached XP level 2. HP: 18/19 MP: 5/5
   374 | D:1      | Learned a level 2 spell: Passwall
   622 | D:2      | Noticed Terence
   888 | D:2      | Reached skill level 1 in Transmutations
   888 | D:2      | Reached XP level 3. HP: 16/24 MP: 0/7
  1006 | D:2      | Found a hide-covered altar of Uskayaw.
  1499 | D:3      | Found a shattered altar of Ashenzari.
  1499 | D:3      | Found a radiant altar of Vehumet.
  1503 | D:3      | Found a glowing golden altar of the Shining One.
  1504 | D:3      | Found a white marble altar of Elyvilon.
  1511 | D:3      | Became a worshipper of Ashenzari the Shackled
  1618 | D:3      | Reached XP level 4. HP: 19/30 MP: 9/9
  1625 | D:3      | Learned a level 4 spell: Petrify
  1699 | D:3      | Found an opulent altar of Gozag.
  1837 | D:3      | Reached skill level 1 in Short Blades
  2008 | D:3      | Slain by a kobold

Vault maps used:
D:1:      dpeg_arrival_more_subterranean_lakeside_camping
D:2:      overflow_temple_1_default, first_ration, uniq_terence
D:3:      cheibrodos_fertilizer, grunt_gozag_breadcrumbs, minitemple,
          nrook_loot_triangle

Skill      XL: |  1  2  3  4 |
---------------+-------------+-----
Spellcasting   | 3 |  3.6
Transmutations | 1 |  1.0
Earth Magic    | 3 |  3.5
Stealth        | 2 |  2.0
Short Blades   | 1 |  1.2
Dodging        | |  1.5

Action                   |  1- 3 |  4- 6 || total
-------------------------+-------+-------++-------
Melee: Spear             |    16 |       ||    16
       Dagger            |    84 |    37 ||   121
 Cast: Sandblast         |    16 |       ||    16
Invok: Curse Item        |     1 |       ||     1
  Use: Scroll            |       |     4 ||     4
 Stab: Sleeping          |     7 |       ||     7
Armor: Robe              |    24 |     4 ||    28
Dodge: Dodged            |    79 |    26 ||   105
Block: Buckler           |     2 |     3 ||     5

Table legend:
 A = Spawn XP
 B = Non-spawn XP
 C = Spawn XP percentage of total XP
 D = Spawn monster count
 E = Non-spawn monster count
 F = Spawn count percentage of total count
 G = Total turns spent on level
                    A         B        C        D         E        F      G
               +---------+---------+-------+---------+---------+-------+---------
         Total |       0 |     155 |   0.0 |       0 |      52 |   0.0 |  2008
               +---------+---------+-------+---------+---------+-------+---------
           D:1 |       0 |      22 |   0.0 |       0 |      14 |   0.0 |   880
           D:2 |       0 |      64 |   0.0 |       0 |      19 |   0.0 |   542
           D:3 |       0 |      69 |   0.0 |       0 |      19 |   0.0 |   586
               +---------+---------+-------+---------+---------+-------+---------
